Map: Oxide LE

Players

gevrek

  • Race: Terran Terran
  • Spawn Location: 1:00

Anarchy - Winner!

  • Race: Terran Terran
  • League: Gold
  • Spawn Location: 7:00

VOD

Have the link to the VOD?

Description

Time

  • Played on: Oct. 26, 2020, 3:42 a.m.
  • Length: 16:23
Show
View Real Time Build Order
Export as new Build Order

gevrek Terran 

Build Orders:  

Get SALT Encoding   

  12  0:01  SCV  
  13  0:18  SCV  
  13  0:20  Supply Depot  
  14  0:30  SCV  
  15  0:42  SCV  
  16  0:46  Barracks  
  16  0:54  SCV  
  17  1:06  SCV  
  18  1:22  Command Center  
  18  1:23  SCV  
  19  1:34  Supply Depot  
  19  1:35  SCV  
  19  1:36  Marine  
  21  1:42  Refinery  
  21  2:13  Supply Depot  
  21  2:15  SCV  
  22  2:28  Marine  
  24  2:34  Orbital Command  
  23  2:48  SCV  
  24  2:54  Barracks Reactor  
  24  3:01  SCV  
  25  3:13  SCV  
  26  3:25  SCV  
  27  3:27  SCV  
  28  3:37  SCV  
  28  3:38  Marine, Factory  
  28  3:39  SCV, Marine  
  32  3:49  SCV  
  32  3:51  SCV  
  32  3:55  Barracks  
  34  3:56  Marine x2  
  34  4:01  SCV  
  37  4:03  Refinery  
  37  4:13  SCV  
  37  4:14  Marine x2  
  40  4:25  SCV, Starport  
  40  4:27  Widow Mine  
  43  4:32  Marine x2  
  43  4:37  SCV  
  45  4:48  Widow Mine  
  45  4:50  Marine x2  
  49  4:56  Barracks  
  49  5:07  Marine  
  49  5:08  Marine  
  51  5:14  Factory Tech Lab  
  51  5:22  Marine  
  51  5:25  Marine x2  
  54  5:35  Supply Depot  
  54  5:41  Viking  
  56  5:43  Marine x2  
  58  5:58  Supply Depot  
  58  6:01  Marine x2  
  60  6:10  Supply Depot  
  60  6:14  Orbital Command  
  60  6:21  Supply Depot  
  60  6:33  Barracks Tech Lab  
  60  6:34  Supply Depot  
  60  6:35  Starport Tech Lab  
  60  6:36  Marauder  
  60  6:39  Marine x2  
  64  6:45  Supply Depot, SCV  
  65  6:53  Refinery  
  65  6:54  SCV  
  65  6:57  Marauder, SCV, Marine x2  
  65  6:58  Supply Depot  
  71  7:06  SCV  
  72  7:08  Supply Depot  
  72  7:09  SCV  
  72  7:15  Marine x2  
  75  7:16  Refinery  
  75  7:18  Marauder, SCV  
  75  7:21  Supply Depot, SCV  
  79  7:30  Supply Depot, SCV  
  79  7:32  Marine x2  
  79  7:33  SCV  
  83  7:43  SCV  
  84  8:50  Engineering Bay  
  84  8:55  Armory  
  86  8:56  Marauder  
  86  8:57  Marauder  
  86  8:59  Command Center  
  89  9:17  Marauder  
  89  9:18  Engineering Bay  
  89  9:19  Marauder  
  91  9:28  Factory Tech Lab  
  91  9:30  Banshee  
  96  9:38  Marauder  
  96  9:40  Marauder, Terran Infantry Armor Level 1  
  96  9:45  Terran Infantry Weapons Level 1  
  98  9:52  Terran Vehicle Weapons Level 1  
  98  9:54  Siege Tank  
  103  10:00  Marauder  
  103  10:01  Marauder  
  105  10:13  Banshee  
  108  10:21  Marauder  
  108  10:23  Marauder  
  108  10:26  Siege Tank  
  113  10:29  Stimpack  
  113  10:30  Combat Shield  
  113  10:36  Marine x2  
  113  10:39  SCV  
  116  10:52  SCV  
  116  10:54  Marine x2  
  116  10:55  Banshee  
  122  10:58  Siege Tank  
  122  11:04  SCV  
  126  11:11  Marine  
  126  11:12  Marine  
  126  11:16  SCV  
  123  11:28  SCV  
  123  11:29  Marine x2  
  126  11:34  Terran Infantry Armor Level 2  
  126  11:39  Terran Infantry Weapons Level 2  
  126  11:44  Marauder  
  126  11:45  Marauder  
  130  11:47  Marine x2  
  132  11:57  Medivac  
  132  12:00  Starport  
  134  12:05  Marine x2  
  134  12:06  Marauder  
  134  12:07  Marauder  
  140  12:09  Refinery  
  140  12:10  Planetary Fortress  
  140  12:23  Marine x2  
  140  12:26  Sensor Tower  
  140  12:27  Medivac, Marauder  
  140  12:28  Marauder  
  148  12:32  Refinery  
  148  12:40  Marine  
  149  12:48  Marauder  
  149  12:49  Marauder  
  153  12:57  Medivac x2  
  157  13:10  Marauder  
  157  13:11  Marauder  
  127  13:27  Medivac x2  
  131  13:57  Medivac x2  
  135  14:06  Siege Tank  
  138  14:27  Medivac x2  
  133  14:38  Siege Tank  
  83  14:57  Medivac  
  79  15:07  Marine x2  
  79  15:10  Siege Tank  
  84  15:25  Marine x2  
  86  15:42  Siege Tank  
  89  15:43  Marine x2  
  85  16:00  Marine  
  85  16:01  Marine  
  87  16:05  Command Center  
Show
View Real Time Build Order
Export as new Build Order

Anarchy Terran - Winner!

Build Orders: Mech 

Get SALT Encoding   

  12  0:01  SCV  
  13  0:13  SCV  
  14  0:19  Supply Depot  
  14  0:25  SCV  
  15  0:29  Refinery  
  15  0:41  SCV  
  16  0:47  Barracks  
  16  0:53  SCV  
  17  1:05  SCV  
  18  1:17  SCV  
  19  1:29  SCV  
  20  1:36  Reaper  
  21  1:42  Orbital Command  
  21  1:45  Supply Depot  
  21  2:07  Command Center  
  21  2:09  SCV  
  22  2:21  SCV  
  23  2:22  Barracks Tech Lab  
  23  2:30  Factory  
  23  2:33  SCV  
  24  2:41  Refinery  
  24  2:45  SCV  
  25  2:51  Marine  
  25  2:57  SCV  
  27  3:10  SCV  
  28  3:22  SCV  
  28  3:24  Orbital Command  
  29  3:27  Supply Depot  
  29  3:34  SCV  
  30  3:38  Factory  
  30  3:42  Barracks Reactor  
  30  3:43  Command Center  
  30  3:46  SCV  
  31  3:49  SCV  
  32  3:58  SCV  
  32  4:02  SCV  
  34  4:10  SCV  
  34  4:12  Siege Tank  
  34  4:14  SCV  
  39  4:33  Supply Depot  
  39  4:35  Supply Depot, SCV x2  
  39  4:38  Hellion x2  
  45  4:44  Siege Tank  
  48  4:47  SCV x2  
  50  4:59  SCV x2, Hellion  
  54  5:02  Refinery x2  
  54  5:11  SCV x2  
  56  5:16  Siege Tank  
  56  5:18  Engineering Bay  
  59  5:23  SCV x2  
  61  5:35  SCV x2, Orbital Command  
  63  5:47  SCV  
  63  5:48  SCV  
  65  5:52  Command Center  
  65  5:58  Factory  
  65  6:06  SCV x3  
  68  6:26  Missile Turret  
  68  6:28  Missile Turret x2  
  68  6:38  Supply Depot  
  68  6:40  Supply Depot  
  68  6:42  Armory  
  68  6:43  Armory, SCV x2  
  68  6:44  SCV  
  74  6:48  Siege Tank  
  74  6:50  Hellion x2  
  78  6:57  Neosteel Armor  
  78  7:04  Refinery x2  
  78  7:11  Hellion x2  
  82  7:18  Factory  
  82  7:19  Factory  
  82  7:20  Siege Tank  
  85  7:23  Factory  
  85  7:26  Factory  
  85  7:30  Factory Tech Lab  
  85  7:33  Hellbat x2  
  89  7:52  Thor  
  89  7:58  SCV x3  
  98  8:07  Supply Depot  
  98  8:08  Supply Depot  
  98  8:09  Supply Depot  
  98  8:10  Supply Depot, SCV x3  
  101  8:17  Thor  
  107  8:22  Factory Tech Lab x2  
  107  8:23  Factory Tech Lab x2  
  107  8:26  Hellbat  
  109  8:34  SCV x3  
  111  8:35  Thor  
  118  8:46  SCV x2  
  120  8:51  SCV  
  120  8:54  Thor  
  120  8:55  Thor  
  133  8:58  SCV x2  
  133  8:59  Thor  
  133  9:02  Thor  
  147  9:03  SCV  
  147  9:07  Terran Vehicle Weapons Level 1  
  147  9:09  Terran Vehicle And Ship Armor Level 1  
  148  9:14  SCV  
  148  9:34  Supply Depot  
  148  9:35  Supply Depot x2  
  148  9:37  Refinery  
  148  9:38  Supply Depot  
  148  9:39  Sensor Tower  
  148  9:40  Supply Depot, Missile Turret  
  148  9:42  Refinery, Planetary Fortress  
  148  9:53  Supply Depot x2  
  148  9:54  Supply Depot  
  148  9:55  Supply Depot, Thor  
  148  9:56  Supply Depot  
  148  9:59  Supply Depot  
  154  10:05  Factory x2  
  154  10:10  SCV x2  
  154  10:11  SCV  
  154  10:26  Thor  
  162  10:28  Hellbat  
  162  10:29  Hellbat x4  
  162  10:30  Hellbat  
  172  10:53  Sensor Tower  
  172  11:04  SCV x2  
  172  11:05  SCV x2  
  176  11:16  SCV  
  176  11:17  SCV x3  
  180  11:39  Factory Tech Lab x2, Thor x2  
  180  11:40  Thor  
  180  11:46  Hellbat  
  200  11:58  Infernal Pre-Igniter  
  200  11:59  Drilling Claws, Mag-Field Accelerator, Smart Servos  
  200  12:52  Command Center  
  200  12:54  Missile Turret, Sensor Tower  
  200  12:55  Refinery  
  200  12:56  Refinery  
  196  14:04  Planetary Fortress  
  196  14:17  Hellbat x2  
  194  14:28  Command Center, Sensor Tower  
  194  14:29  Missile Turret, Refinery x2  
  172  14:37  Thor x5  
  172  14:38  Thor x2  
  195  14:39  Thor  
  195  14:40  Hellbat x2  
  161  15:01  Hellbat  
  161  15:02  Hellbat  
  165  15:19  SCV x4  
  165  15:20  Thor x5, SCV  
Tags
 
Composition
Mech
League
Gold
Matchup
TvT
Race
Terran
Spawn Locations
Cross Positions
Add a new tag
Caveats
  • Supply blocks, unpowered buildings, or Contaminate may cause inaccurate times.
  • Supply counts are checked every 10 seconds.